 Dungeon Crawl Stone Soup version 0.22-a0-422-g9628fc8 (webtiles) character file.

231 Jynxie the Skirmisher (level 5, -5/44 HPs)
             Began as a Demonspawn Berserker on May 22, 2018.
             Was a Believer of Trog.
             Killed by nerve-wracking pain
             ... invoked by Grinder
              (13 damage)
             ... on level 3 of the Dungeon.
             The game lasted 00:05:48 (2075 turns).

Jynxie the Skirmisher (Demonspawn Berserker)        Turns: 2075, Time: 00:05:49

Health: -5/44      AC:  7    Str: 18    XL:     5   Next: 72%
Magic:  5/5        EV:  6    Int:  8    God:    Trog [**....]
Gold:   147        SH: 17    Dex: 13    Spells: 4/4 levels left

rFire    + . .     SeeInvis .   a - +0 hand axe
rCold    . . .     Gourm    .   e - +2 large shield
rNeg     . . .     Faith    .   f - +2 ring mail {rF+}
rPois    .         Spirit   .   (helmet restricted)
rElec    .         Reflect  .   (no cloak)
rCorr    .         Harm     .   (no gloves)
MR       .....                  (no boots)
Stlth    +.........             (no amulet)
HPRegen  0.14/turn              (no ring)
MPRegen  0.09/turn              (no ring)

@: berserk cooldown, slowed, very slow
A: horns 1, large bone plates 1, spiny 1
a: Berserk, Trog's Hand, Renounce Religion


You were on level 3 of the Dungeon.
You worshipped Trog.
Trog was pleased with you.
You were hungry.

You visited 1 branch of the dungeon, and saw 3 of its levels.

You collected 147 gold pieces.

Inventory:

Hand Weapons
 a - a +0 hand axe (weapon)
Missiles
 g - 15 poisoned needles (quivered)
Armour
 b - a +0 animal skin
 e - a +2 large shield (worn)
 f - a +2 ring mail of fire resistance (worn)
Jewellery
 k - an uncursed ring of magical power {unknown}
Wands
 m - a wand of iceblast (5)
Scrolls
 j - 4 scrolls of teleportation
 q - a scroll of identify
Potions
 d - a potion of cancellation {unknown}
 h - a potion of ambrosia {unknown}
 i - 2 potions of curing
 l - a potion of might {unknown}
 n - 2 potions of brilliance {unknown}
 o - a potion of degeneration {unknown}
Comestibles
 c - 5 rations
 p - 4 chunks of flesh


   Skills:
 * Level 5.0 Fighting
 * Level 4.5 Axes
 - Level 1.7 Armour
 - Level 1.7 Dodging


You had 4 spell levels left.
You didn't know any spells.
Your spell library contained the following spells:

 Spells                   Type           Power        Failure   Level  Hunger
 Magic Dart               Conj           #...         100%        1    ##.....
 Conjure Flame            Conj/Fire      #.......     100%        3    ####...
 Slow                     Hex            #.......     100%        2    ###....
 Mephitic Cloud           Conj/Pois/Air  #.......     100%        3    ####...
 Blink                    Tloc           N/A          100%        2    ###....
 Call Imp                 Summ           #.......     100%        2    ###....


Dungeon Overview and Level Annotations

Branches:
Dungeon (3/15)

Altars:
Gozag
Ru

Annotations:
D:3 Grinder


Innate Abilities, Weirdness & Mutations

You have a pair of small horns on your head.
You are partially covered in large bone plates. (SH +4)
You are partially covered in sharp spines.


Message History

You are too injured to fight recklessly!
You are too injured to fight recklessly!
Your shield prevents you from hitting Grinder.
Grinder is moderately wounded.
Grinder is struck by your spines. Grinder hits you. You block Grinder's attack.
You hit Grinder.
Grinder is heavily wounded.
Grinder is struck by your spines. Grinder barely misses you.
You block Grinder's attack.
Your shield and ring mail prevent you from hitting Grinder.
Grinder is heavily wounded.
You block Grinder's attack. Grinder is struck by your spines. Grinder hits you.
* * * LOW HITPOINT WARNING * * *
You writhe in agony.
* * * LOW HITPOINT WARNING * * *
You hit Grinder. Your headbutt misses Grinder.
Grinder is severely wounded.
Grinder gestures at you. Pain shoots through your body!
You die...

...........................
#....#.....#.....##....(...
####.....#########>..#.....
##......###.......# ..?.
#####............# . ..
####............#..
..................#
........#()5........
####.....(.@......##
...............#.#
...................
#..................
..##....#....####.( ##
#....#!...# # ######....#
#....# #....#


You could see Grinder.

Vanquished Creatures
  The ghost of Ratty the Magician, an amateur VSEn (D:3)
  A hound (D:2)
  Terence (D:3)
  An adder (D:2)
  2 worms
  A dart slug (D:1)
  2 ball pythons
  5 bats
  5 giant cockroaches
  7 goblins
  9 hobgoblins
  2 jackals (D:2)
  8 kobolds
  A quokka (D:3)
  2 frilled lizards
  5 rats
53 creatures vanquished.

Notes
Turn   | Place    | Note
-------+----------+-------------------------------------------
     0 | D:1      | Jynxie the Demonspawn Berserker began the quest for the Orb.
     0 | D:1      | Reached XP level 1. HP: 18/18 MP: 1/1
   328 | D:1      | Gained mutation: You have a pair of small horns on your head. [demonic ancestry]
   328 | D:1      | Reached XP level 2. HP: 18/24 MP: 2/2
  1229 | D:2      | Reached XP level 3. HP: 29/29 MP: 3/3
  1435 | D:2      | Reached skill level 4 in Fighting
  1435 | D:2      | Gained mutation: You are partially covered in sharp spines. [demonic ancestry]
  1435 | D:2      | Reached XP level 4. HP: 33/37 MP: 4/4
  1474 | D:2      | Reached ** piety under Trog
  1880 | D:2      | Found a sacrificial altar of Ru.
  1940 | D:3      | Noticed Ratty's ghost (amateur VSEn)
  1944 | D:3      | Found an opulent altar of Gozag.
  1949 | D:3      | Killed Ratty's ghost
  1949 | D:3      | Gained mutation: You are partially covered in large bone plates. (SH +4) [demonic ancestry]
  1949 | D:3      | Reached XP level 5. HP: 43/43 MP: 5/5
  2043 | D:3      | Noticed Grinder
  2044 | D:3      | Noticed Terence
  2052 | D:3      | Killed Terence
  2052 | D:3      | Reached skill level 5 in Fighting
  2057 | D:3      | Paralysed by Grinder for 7 turns
  2075 | D:3      | Killed from afar by Grinder

Vault maps used:
D:1:      lightli_arrival_quake
D:2:      first_ration, nicolae_ru_the_path_less_chosen
D:3:      nicolae_gozag_seed_capital, uniq_terence, uniq_jessica, uniq_grinder

Skill      XL: |  1  2  3  4  5 |
---------------+----------------+-----
Axes           | 3 4 |  4.5
Fighting       | 4 5 |  5.0
Armour         | |  1.7
Dodging        | |  1.7

Action                   |  1- 3 |  4- 6 || total
-------------------------+-------+-------++-------
Melee: Hand axe          |    95 |    56 ||   151
       Headbutt          |    11 |     8 ||    19
Invok: Berserk           |       |     2 ||     2
  Use: Scroll            |     4 |       ||     4
 Stab: Sleeping          |     2 |       ||     2
  Eat: Chunk             |     2 |     3 ||     5
Armor: Animal skin       |    10 |       ||    10
       Ring mail         |    10 |    11 ||    21
Dodge: Dodged            |    24 |     8 ||    32
Block: Large shield      |    60 |    37 ||    97

Table legend:
 A = Spawn XP
 B = Non-spawn XP
 C = Spawn XP percentage of total XP
 D = Spawn monster count
 E = Non-spawn monster count
 F = Spawn count percentage of total count
 G = Total turns spent on level
                    A         B        C        D         E        F      G
               +---------+---------+-------+---------+---------+-------+---------
         Total |       0 |     330 |   0.0 |       0 |      53 |   0.0 |  2075
               +---------+---------+-------+---------+---------+-------+---------
           D:1 |       0 |      34 |   0.0 |       0 |      19 |   0.0 |  1161
           D:2 |       0 |      96 |   0.0 |       0 |      21 |   0.0 |   760
           D:3 |       0 |     200 |   0.0 |       0 |      13 |   0.0 |   154
               +---------+---------+-------+---------+---------+-------+---------
